 Dungeon Crawl Stone Soup version 0.17.1-1-g73c8601 (webtiles) character file.

315 abixa the Slasher (level 5, -6/41 HPs)
             Began as a Demigod Skald on Jan 8, 2016.
             Mangled by an iguana (10 damage)
             ... on level 4 of the Dungeon.
             The game lasted 00:13:37 (3694 turns).

abixa the Slasher (Demigod Skald)                   Turns: 3694, Time: 00:13:37

Health: -6/41      AC:  7    Str: 15    XL:     5   Next: 99%
Magic:  5/10       EV: 11    Int: 18    God:
Gold:   256        SH:  0    Dex: 15    Spells: 2 memorised, 5 levels left

rFire  . . .     SeeInvis .     q - +0 long sword
rCold  . . .     Clarity  .     e - +0 ring mail (curse)
rNeg   + . .     SustAt   +     (no shield)
rPois  .         Gourm    .     K - +0 helmet
rElec  .         Spirit   .     (no cloak)
rCorr  .         Warding  .     u - +0 pair of gloves (curse)
rMut   .         Stasis   .     (no boots)
MR     +....                    (no amulet)
Stlth  +.........               p - ring of positive energy
                                n - ring of protection from magic

@: infused, somewhat resistant to hostile enchantments, very unstealthy
A: high mp 1, sustain attributes
a: no special abilities


You were on level 4 of the Dungeon.
You were hungry.

You visited 1 branch of the dungeon, and saw 4 of its levels.

You collected 256 gold pieces.

Inventory:

Hand Weapons
 a - a +0 falchion
 h - a +0 spear
 q - a +0 long sword (weapon)
 x - a +0 hunting sling
Missiles
 i - 87 stones (quivered)
 k - 17 poisoned needles
 r - 43 sling bullets
 F - 44 bolts
 L - 2 tomahawks of dispersal
Armour
 b - a +0 leather armour
 e - a cursed +0 ring mail (worn)
 u - a cursed +0 pair of gloves (worn)
 K - a +0 helmet (worn)
Jewellery
 n - a ring of protection from magic (left hand)
 p - a ring of positive energy (right hand)
 E - an uncursed ring of flight {unknown}
Scrolls
 g - a scroll of recharging
 j - 2 scrolls of noise
 l - a scroll of identify
 t - a scroll of teleportation {unknown}
 w - a scroll of remove curse {unknown}
 y - a scroll of enchant weapon {unknown}
 A - a scroll of amnesia {unknown}
 C - a scroll of magic mapping {unknown}
 I - a scroll of random uselessness {unknown}
Potions
 f - 2 potions of curing {unknown}
 m - a potion of haste {unknown}
 s - a potion of resistance {unknown}
 v - a potion of agility {unknown}
 D - a potion of invisibility {unknown}
 G - a potion of brilliance {unknown}
 H - a potion of berserk rage {unknown}
 J - a potion of lignification {unknown}
Books
 c - a book of Battle

   Spells                             Type                      Level
   a - Infusion                       Charms                       1
   b - Shroud of Golubria             Charms/Translocation         2
   c - Song of Slaying                Charms                       2
   d - Spectral Weapon                Hexes/Charms                 3
   e - Regeneration                   Charms/Necromancy            3
Comestibles
 d - 3 bread rations
 o - 2 fruits
 z - 2 meat rations
 B - 2 slices of pizza
 M - a beef jerky


   Skills:
 + Level 2.0 Fighting
 + Level 5.2 Long Blades
 + Level 1.6 Armour
 + Level 1.4 Dodging
 + Level 2.0 Spellcasting
 + Level 3.0 Charms


You had 5 spell levels left.
You knew the following spells:

 Your Spells              Type           Power        Failure   Level  Hunger
a - Infusion              Chrm           ##....       12%         1    #......
b - Song of Slaying       Chrm           ##......     17%         2    ###....


Dungeon Overview and Level Annotations

Branches:
Dungeon (4/15)
 Temple: D:4-7

Annotations:
D:4 Eustachio


Innate Abilities, Weirdness & Mutations

You have an increased reservoir of magic (+10% MP).
Your attributes are resistant to harm.


Message History

* * * LOW HITPOINT WARNING * * *
The ufetubus hits you but does no damage.
The quasit bites you but does no damage.
The quasit closely misses you.
The quasit claws you but does no damage.
Eustachio casts a spell.
Unknown command.
Unknown command.
Unknown command.
Unknown command.
Unknown command.
Casting: Infusion
Confirm with . or Enter, or press ? or * to list all spells.
You begin infusing your attacks with magical energy.
The rat disappears in a puff of smoke!
The ufetubus hits you but does no damage.
The ufetubus completely misses you. The quasit closely misses you.
The quasit claws you but does no damage.
The quasit barely misses you. The iguana bites you!
You die...

#............##
#.....#.......#
#.....#..@....# ##
#..@..#..b....# ..
#.....#.......# .# ##
#...l.#.......# .# ..
..##.....##ยง###### .#.#
#..#########l# ...#
...#......5@5#
#######..#.##########
.........#.##.......#
.###.....#..........#
.#..................#####
.##.#.#.###.........#...#
.##+#.....+.........#.#.#
.....#...##.........#.#.#
.....#...##.........#.#.#


You could see Eustachio, an iguana, a quasit, an ufetubus and a bat.

Vanquished Creatures
  A hound (D:3)
  2 worker ants (D:4)
  A centaur skeleton (D:4)
  An orc wizard (D:3)
  Robin (D:3)
  6 adders
  8 worms
  4 giant geckos
  6 orcs (D:3)
  3 ball pythons (D:2)
  2 giant cockroaches (D:1)
  19 goblins
  5 hobgoblins
  3 jackals (D:1)
  9 bats
  5 giant newts
  8 kobolds
  2 quokkas
  9 rats
95 creatures vanquished.

Notes
Turn   | Place    | Note
--------------------------------------------------------------
     0 | D:1      | abixa the Demigod Skald began the quest for the Orb.
     0 | D:1      | Reached XP level 1. HP: 17/17 MP: 5/5
   236 | D:1      | Reached XP level 2. HP: 24/24 MP: 4/7
   400 | D:1      | Learned a level 2 spell: Song of Slaying
   453 | D:1      | Reached skill level 3 in Long Blades
   720 | D:2      | Reached XP level 3. HP: 27/29 MP: 4/8
   805 | D:2      | You fall through a shaft for 2 floors!
  1084 | D:3      | Found a radiant altar of Vehumet.
  1120 | D:3      | Reached skill level 4 in Long Blades
  1127 | D:3      | HP: 1/29 [hound (5)]
  1128 | D:3      | Reached XP level 4. HP: 1/36 MP: 1/9
  2119 | D:2      | Reached skill level 5 in Long Blades
  2140 | D:2      | Reached skill level 1 in Armour
  2140 | D:2      | Reached XP level 5. HP: 35/41 MP: 6/10
  2398 | D:2      | Reached skill level 1 in Dodging
  3032 | D:4      | Noticed Robin
  3067 | D:3      | Killed Robin
  3665 | D:4      | Noticed Eustachio
  3694 | D:4      | Mangled by an iguana

Action                   |  1- 3 |  4- 6 || total
-------------------------+-------+-------++-------
Melee: Falchion          |    61 |       ||    61
       Long sword        |    37 |   192 ||   229
Throw: Stone             |       |     4 ||     4
 Cast: Infusion          |    11 |    21 ||    32
       Song of Slaying   |     1 |       ||     1
  Use: Scroll            |       |     2 ||     2
  Eat: Chunk             |     1 |     8 ||     9
